 Dungeon Crawl Stone Soup version 0.29-a0-902-g0f71de6fce (webtiles) character file.

Game seed: 17693726281856541022

57 Querens the Shield-Bearer (level 4, -1/40 HPs)
             Began as a Meteoran Fighter on July 24, 2022.
             Succumbed to a gnoll's poison
             ... on level 3 of the Dungeon.
             The game lasted 00:02:56 (950 turns).

Querens the Shield-Bearer (Meteoran Fighter)         Turns: 950, Time: 00:02:56

Health: -1/40      AC:  7    Str: 20    XL:     4   Next: 41%
Magic:  5/5        EV:  9    Int:  9    God:
Gold:   107        SH:  5    Dex: 13    Spells: 3/3 levels left

rFire   . . .      SeeInvis .   a - +0 war axe
rCold   . . .      Faith    .   c - +0 buckler
rNeg    . . .      Spirit   .   b - +0 scale mail
rPois   .          Reflect  .   (no helmet)
rElec   .          Harm     .   (no cloak)
rCorr   .          Rampage  .   (no gloves)
Will    .....                   (no boots)
Stlth   ..........              (no amulet)
HPRegen 0.13/turn               (no ring)
MPRegen 0.09/turn               (no ring)

@: lethally poisoned (-1 -> -22), glowing
A: sense surroundings 1, otherworldly, glowing, explore regen
a: no special abilities


You were on level 3 of the Dungeon.
You visited 1 branch of the dungeon, and saw 3 of its levels.

You collected 107 gold pieces.

Inventory:

Hand Weapons
 a - a +0 war axe (weapon)
Armour
 b - a +0 scale mail (worn)
 c - a +0 buckler (worn)
Wands
 m - a wand of roots (3)
Scrolls
 f - a scroll of vulnerability {unknown}
 g - a scroll of teleportation {unknown}
 h - a scroll of blinking {unknown}
 j - 2 scrolls of butterflies {unknown}
 l - a scroll of fear {unknown}
 n - a scroll of amnesia {unknown}
Potions
 d - 2 potions of might
 e - a potion of brilliance {unknown}
 i - a potion of curing {unknown}
 k - 2 potions of degeneration {unknown}


   Skills:
 + Level 3.8 Fighting
 + Level 3.2 Axes
 + Level 4.2 Armour
 + Level 4.2 Shields


You had 3 spell levels left.
You didn't know any spells.
Your spell library contained the following spells:

 Spells                   Type           Power      Damage    Failure   Level
 Inner Flame              Hex/Fire       0%         N/A       99%         3
 Cause Fear               Hex            0%         N/A       100%        4
 Discord                  Hex            0%         N/A       100%        8


Dungeon Overview and Level Annotations

Branches:
Dungeon (3/15) Zot: 817

Altars:


Innate Abilities, Weirdness & Mutations

You passively map a small area around you.
You are easily found by Zot.
You glow in the dark.
You regain HP and MP as you explore.


Message History

Found 6 stones.
A ball python comes into view.
The gnoll completely misses you.
A gnoll comes into view. It is wielding a +0 halberd of venom.
You closely miss the gnoll. You barely miss the gnoll.
The gnoll shouts!
You hear a shout!
You hear an angry hiss.
A ball python comes into view.
The gnoll hits you but does no damage.
A hobgoblin comes into view.
The gnoll hits you with a +0 whip.
You slash the gnoll!
You kill the gnoll!
You hit the gnoll. You slash the gnoll!
The gnoll hits you from afar with a +0 halberd of venom.
You are poisoned.
The gnoll hits you with a +0 whip.
You barely miss the gnoll.
The gnoll is moderately wounded.
You hit the gnoll. You completely miss the hobgoblin.
You feel very sick. You block the hobgoblin's attack.
You block the gnoll's attack. The gnoll hits you but does no damage.
You are more poisoned.
The gnoll hits you with a +0 whip. The hobgoblin barely misses you.
The gnoll hits you from afar with a +0 halberd of venom!
* * * LOW HITPOINT WARNING * * *
You are more poisoned.
The gnoll hits you with a +0 flail.
* * * LOW HITPOINT WARNING * * *
You block the gnoll's attack.
Really walk into that teleport trap?
The hobgoblin attacks as you move away! The hobgoblin barely misses you.
You enter a teleport trap!
The teleport trap disappears.
Your surroundings suddenly seem different.
Found 13 gold pieces.
Found a stone staircase leading down.
* * * LOW HITPOINT WARNING * * *
You feel extremely sick.
* * * LOW HITPOINT WARNING * * *
You feel very sick.
You die...

#####$# * * .......
##+#.....** #......#
* #......#
#......#####**
#.......(..... , ,.
#...@......... .#<
##>........... ,...
######..<....####.#,
,.....g.....#.
....g..S..#. *, ,
..#+###Sg.....
.......g.g..## ,
..............
.......###....


There were no monsters in sight!

Vanquished Creatures
  A gnoll (D:3)
  2 adders
  3 endoplasms
  2 giant cockroaches
  4 goblins
  A hobgoblin (D:3)
  2 jackals (D:2)
  A quokka (D:1)
  2 ball pythons
  4 bats
  A frilled lizard (D:1)
  A kobold (D:1)
  5 rats
29 creatures vanquished.

Vanquished Creatures (others)
  A fungus (D:1)
  2 plants (D:1)
3 creatures vanquished.

Grand Total: 32 creatures vanquished

Notes
Turn   | Place    | Note
-------+----------+-------------------------------------------
     0 | D:1      | Querens the Meteoran Fighter began the quest for the Orb.
     0 | D:1      | Reached XP level 1. HP: 19/19 MP: 2/2
   281 | D:1      | Reached XP level 2. HP: 26/26 MP: 3/3
   489 | D:1      | Glimpsed the power of Zot.
   499 | D:1      | Found a faded altar of an unknown god.
   598 | D:2      | Reached XP level 3. HP: 28/31 MP: 4/4
   887 | D:3      | Reached XP level 4. HP: 13/40 MP: 5/5
   950 | D:3      | Succumbed to a gnoll's poison

Illustrated notes

Levels and vault maps discovered:
D:1:      minmay_arrival_four_houses, layout_basic,
          shapermc_ecumenical_altar_petra
D:2:      layout_basic, minmay_domino_4
D:3:      layout_basic, hangedman_decor_points

Skill      XL: |  1  2  3 |
---------------+----------+-----
Shields        | 4 |  4.2
Axes           | 3 |  3.2
Armour         | 4 |  4.2
Fighting       | |  3.8

Action                   |  1- 3 |  4- 6 || total
-------------------------+-------+-------++-------
Melee: War axe           |    77 |     5 ||    82
Armor: Scale mail        |    49 |     2 ||    51
Dodge: Dodged            |    35 |     5 ||    40
Block: Buckler           |    22 |     3 ||    25

Table legend: (Time is in decaauts)
 A = Elapsed time spent in this place.
 B = Non-inter-level travel time spent in this place.
 C = Inter-level travel time spent in this place.
 D = Time resting spent in this place.
 E = Time spent auto-exploring this place.
 F = Levels seen in this place.
 G = Mean time per level.
                   A        B        C        D        E       F      G
               +--------+--------+--------+--------+--------+-----+--------+
         Total |    982 |    924 |     58 |      0 |      0 |   3 |  327.3 |
       Dungeon |    982 |    924 |     58 |      0 |      0 |   3 |  327.3 |
               +--------+--------+--------+--------+--------+-----+--------+

Top non-repeatable levels by time:
     D:1: 527 daAuts
     D:2: 347 daAuts
     D:3: 107 daAuts
